 Dungeon Crawl Stone Soup version 0.28-a0-1199-gef9e1dbd39 (webtiles) character file.

Game seed: 4558202817414857818

971 Peloso the Slasher (level 7, -1/61 HPs)
             Began as a Minotaur Fighter on Dec 19, 2021.
             Slain by a black bear (4 damage)
             ... on level 5 of the Dungeon.
             The game lasted 00:11:03 (4277 turns).

Peloso the Slasher (Minotaur Fighter)               Turns: 4277, Time: 00:11:04

Health: -1/61      AC:  7    Str: 21    XL:     7   Next: 94%
Magic:  6/6        EV:  8    Int:  5    God:
Gold:   250        SH:  9    Dex: 11    Spells: 6/6 levels left

rFire   . . .      SeeInvis .   a - +0 long sword
rCold   . . .      Faith    .   c - +0 kite shield
rNeg    . . .      Spirit   .   j - +0 scale mail
rPois   .          Reflect  .   (helmet restricted)
rElec   .          Harm     .   (no cloak)
rCorr   .          Rampage  .   (no gloves)
Will    .....                   (no boots)
Stlth   ..........              (no amulet)
HPRegen 0.20/turn               (no ring)
MPRegen 0.10/turn               (no ring)

@: no status effects
A: horns 2, retaliatory headbutt
a: no special abilities


You were on level 5 of the Dungeon.
You visited 1 branch of the dungeon, and saw 5 of its levels.

You collected 250 gold pieces.

Inventory:

Hand Weapons
 a - a +0 long sword (weapon)
 b - a +2 spear of flaming
Armour
 c - a +0 kite shield (worn)
 j - a +0 scale mail (worn)
Jewellery
 o - a +6 ring of intelligence
Wands
 k - a wand of digging (5)
Scrolls
 d - a scroll of identify
 f - 2 scrolls of fear {unknown}
 g - a scroll of fog {unknown}
 l - a scroll of amnesia {unknown}
Potions
 e - a potion of heal wounds {unknown}
 h - a potion of berserk rage
 i - a potion of brilliance {unknown}
 m - a potion of cancellation {unknown}
 n - a potion of flight {unknown}
 p - a potion of degeneration {unknown}
 q - 2 potions of might
 r - a potion of resistance {unknown}


   Skills:
 + Level 5.6 Fighting
 + Level 7.1 Long Blades
 + Level 6.5 Armour
 + Level 1.3 Dodging
 + Level 0.4 Stealth
 + Level 5.7 Shields


You had 6 spell levels left.
You didn't know any spells.
Your spell library was empty.

Dungeon Overview and Level Annotations

Branches:
Dungeon (5/15)
 Temple: D:4-7

Altars:

Annotations:
D:2 Sigmund


Innate Abilities, Weirdness & Mutations

You have a pair of horns on your head.
You reflexively headbutt those who attack you in melee.


Message History

The black bear bites you.
The black bear claws you but does no damage.
You block the black bear's attack.
You slash the black bear!
The black bear is moderately wounded.
You feel sick. The black bear bites you. You block the black bear's attack.
The black bear claws you.
You hit the black bear but do no damage.
The black bear is moderately wounded.
You feel sick. The black bear barely misses you.
The black bear claws you but does no damage.
You block the black bear's attack. x3; The black bear barely misses you.
You barely miss the black bear.
The black bear is moderately wounded.
You feel sick.
The black bear bites you but does no damage.
You block the black bear's attack. The black bear closely misses you.
You slash the black bear!
The black bear is severely wounded.
You feel sick.
The black bear goes berserk!
You hit the black bear.
The black bear is almost dead.
You feel sick.
You are no longer poisoned.
You block the black bear's attack.
The black bear claws you but does no damage.
You block the black bear's attack. The black bear closely misses you.
The black bear claws you.
* * * LOW HITPOINT WARNING * * *
The black bear claws you but does no damage.
You hit the black bear. You headbutt the black bear.
The black bear is almost dead.
The black bear bites you!
* * * LOW HITPOINT WARNING * * *
The black bear claws you.
* * * LOW HITPOINT WARNING * * *
The black bear claws you but does no damage.
The black bear barely misses you. You block the black bear's attack.
The black bear claws you.
You die...

#........#.<..#...............
#........#...##...............
###################......##'##
#...#....'......#....
+...+....#......#....
#...#....#......#....
#...######......###..
#.##...##.......######..
#......@h.......# #...
#.......#.......# #...
#.......#.......# #...
#.......#.s.....# #...
#.......#.......# ##..
#.......#......... ###
#########..........
..!........ .........


You could see a black bear (berserk).

Vanquished Creatures
  2 black bears (D:4)
  An ogre (D:4)
  A phantom (D:4)
  A scorpion (D:5)
  3 wights (D:5)
  A jelly (D:5)
  An orc priest (D:4)
  A hound (D:5)
  Jessica (D:2)
  3 orc wizards (D:4)
  Natasha (thrice) (D:3)
  2 hound skeletons
  6 adders
  A white imp (D:5)
  An ufetubus (D:4)
  A worm (D:4)
  4 dart slugs
  8 orcs
  A bat (D:2)
  6 endoplasms
  5 giant cockroaches
  5 hobgoblins
  3 jackals (D:2)
  4 quokkas
  8 ball pythons
  2 frilled lizards
  6 goblins
  6 kobolds
  6 rats
93 creatures vanquished.

Notes
Turn   | Place    | Note
-------+----------+-------------------------------------------
     0 | D:1      | Peloso the Minotaur Fighter began the quest for the Orb.
     0 | D:1      | Reached XP level 1. HP: 19/19 MP: 0/0
   110 | D:1      | Reached XP level 2. HP: 27/27 MP: 1/1
   110 | D:1      | Found a faded altar of an unknown god.
   630 | D:2      | Reached XP level 3. HP: 33/33 MP: 2/2
   633 | D:2      | Noticed Jessica
   637 | D:2      | Killed Jessica
   772 | D:2      | Reached skill level 3 in Long Blades
   930 | D:2      | Reached XP level 4. HP: 38/41 MP: 3/3
  1072 | D:2      | Noticed Sigmund
  1395 | D:3      | Noticed Natasha
  1399 | D:3      | Killed Natasha
  1403 | D:3      | Reached skill level 4 in Long Blades
  1597 | D:3      | Noticed Natasha
  1600 | D:3      | Killed Natasha
  1601 | D:3      | Reached XP level 5. HP: 47/47 MP: 4/4
  1761 | D:3      | Noticed Natasha
  1767 | D:3      | Killed Natasha
  1920 | D:4      | Noticed an ogre
  1925 | D:4      | Killed an ogre
  1926 | D:4      | Reached skill level 5 in Armour
  1999 | D:4      | Reached skill level 5 in Long Blades
  1999 | D:4      | Reached XP level 6. HP: 52/53 MP: 5/5
  2293 | D:4      | Reached skill level 5 in Fighting
  2293 | D:4      | Reached skill level 1 in Dodging
  2293 | D:4      | Reached skill level 5 in Shields
  2421 | D:4      | Reached skill level 6 in Long Blades
  2421 | D:4      | Reached XP level 7. HP: 21/61 MP: 6/6
  3646 | D:5      | Entered Level 5 of the Dungeon
  4083 | D:5      | Reached skill level 7 in Long Blades
  4277 | D:5      | HP: 3/61 [black bear (2)]
  4277 | D:5      | Slain by a black bear

Illustrated notes

Levels and vault maps discovered:
D:1:      dpeg_arrival_houses_and_road, layout_rooms,
          hellmonk_ecumenical_altar_run_dry, serial_park_tiny_1
D:2:      layout_basic, uniq_sigmund, uniq_jessica
D:3:      layout_rooms, serial_rivers, chequers_serial_rivers_small_a,
          chequers_serial_rivers_small_3, chequers_serial_rivers_room_a,
          chequers_serial_rivers_small_b, chequers_serial_rivers_large_b,
          chequers_serial_rivers_micro_b, uniq_natasha
D:4:      kennysheep_spiral_hall, layout_cave_pools
D:5:      layout_gridville, serial_shops, shop

Skill      XL: |  1  2  3  4  5  6  7 |
---------------+----------------------+-----
Armour         | 4 5 6 |  6.5
Shields        | 4 5 |  5.7
Fighting       | 4 5 |  5.6
Long Blades    | 3 4 5 6 7 |  7.1
Dodging        | 1 |  1.3
Stealth        | |  0.4

Action                   |  1- 3 |  4- 6 |  7- 9 || total
-------------------------+-------+-------+-------++-------
Melee: Long sword        |    57 |    83 |   108 ||   248
       Headbutt          |     7 |    21 |    17 ||    45
  Use: Scroll            |       |     2 |       ||     2
       Potion            |       |     1 |     1 ||     2
Armor: Scale mail        |    19 |    50 |    50 ||   119
Dodge: Dodged            |    23 |    32 |    41 ||    96
Block: Kite shield       |    27 |    43 |    62 ||   132

Table legend: (Time is in decaauts)
 A = Elapsed time spent in this place.
 B = Non-inter-level travel time spent in this place.
 C = Inter-level travel time spent in this place.
 D = Time resting spent in this place.
 E = Time spent auto-exploring this place.
 F = Levels seen in this place.
 G = Mean time per level.
                   A        B        C        D        E       F      G
               +--------+--------+--------+--------+--------+-----+--------+
         Total |   4408 |   4338 |     70 |    525 |   2906 |   5 |  881.6 |
       Dungeon |   4408 |   4338 |     70 |    525 |   2906 |   5 |  881.6 |
               +--------+--------+--------+--------+--------+-----+--------+

Top non-repeatable levels by time:
     D:4: 1757 daAuts
     D:3: 1145 daAuts
     D:1: 607 daAuts
     D:2: 520 daAuts
     D:5: 377 daAuts
